 Dungeon Crawl Stone Soup version 0.27-a0-660-g90476cec82 (webtiles) character file.

Game seed: 13436693568766873782

683 Egg the Chiller (level 7, 0/41 HPs)
             Began as an Octopode Ice Elementalist on Mar 16, 2021.
             Succumbed to a worker ant's poison
             ... on level 5 of the Dungeon.
             The game lasted 00:14:37 (7643 turns).

Egg the Chiller (Octopode Ice Elementalist)         Turns: 7643, Time: 00:14:37

Health: 0/41       AC:  1    Str:  7    XL:     7   Next: 61%
Magic:  14/14      EV: 13    Int: 19    God:
Gold:   255        SH:  0    Dex: 13    Spells: 6/16 levels left

rFire    . . .     SeeInvis .   h - +1 short sword (holy)
rCold    . . .     Faith    .   (no shield)
rNeg     . . .     Spirit   .   (helmet restricted)
rPois    .         Reflect  .   (no amulet)
rElec    .         Harm     .   (no ring)
rCorr    .         Rampage  .   (no ring)
Will     .....                  (no ring)
Stlth    +++.......             (no ring)
HPRegen  0.13/turn              (no ring)
MPRegen  0.14/turn              (no ring)
                                (no ring)
                                (no ring)

@: lethally poisoned (0 -> 0), berserk cooldown, slowed, very slow
A: almost no armour, amphibious, 8 rings, camouflage 1, gelatinous body 1,
nimble swimmer 1, tentacles
a: no special abilities


You were on level 5 of the Dungeon.
You visited 1 branch of the dungeon, and saw 5 of its levels.

You collected 255 gold pieces.

Inventory:

Hand Weapons
 h - a +1 short sword of holy wrath (weapon)
 j - a +1 short sword of flaming
Wands
 g - a wand of acid (7)
Scrolls
 b - 2 scrolls of enchant armour {unknown}
 d - 2 scrolls of teleportation
 i - 2 scrolls of identify
 l - 2 scrolls of fear {unknown}
Potions
 a - a potion of degeneration
 c - a potion of brilliance
 e - a potion of flight
 f - 3 potions of invisibility


   Skills:
 - Level 2.0 Dodging
 - Level 2.6 Stealth
 + Level 5.2 Spellcasting
 + Level 2.4 Summonings
 + Level 6.7 Ice Magic


You had 6 spell levels left.
You knew the following spells:

 Your Spells              Type           Power      Damage    Failure   Level
a - Summon Ice Beast      Ice/Summ       22%        N/A       19%         4
b - Frozen Ramparts       Ice            60%        1d8       2%          3
c - Ozocubu's Armour      Ice            30%        N/A       2%          3

Your spell library contained the following spells:

 Spells                   Type           Power      Damage    Failure   Level
 Freeze                   Ice            100%       1d11      1%          1
 Animate Skeleton         Necr           8%         N/A       12%         1
 Pain                     Necr           16%        1d4       12%         1
 Hailstorm                Conj/Ice       17%        3d6       30%         4
 Vampiric Draining        Necr           2%         2d6       36%         3
 Animate Dead             Necr           2%         N/A       77%         4
 Agony                    Necr           4%         N/A       98%         5


Dungeon Overview and Level Annotations

Branches:
Dungeon (5/15)
 Temple: D:4-7

Altars:
Cheibriados
Elyvilon
Kikubaaqudgha
Sif Muna
Wu Jian


Innate Abilities, Weirdness & Mutations

You cannot wear most types of armour.
You are amphibious.
You can wear up to eight rings at the same time.
Your skin changes colour to match your surroundings (Stealth+).
Your rubbery body absorbs attacks. (AC +1, EV +1)
You are stealthy while swimming. (Stealth+)
You have tentacles for arms and can constrict up to eight enemies at once.


Message History

Casting: Frozen Ramparts (dangerous; 2% risk of failure)
Confirm with . or Enter, or press ? or * to list all spells.
The spell is quite dangerous to cast (19% risk of failure)!
Continue anyway?
Okay, then.
Casting: Summon Ice Beast (quite dangerous; 19% risk of failure)
Confirm with . or Enter, or press ? or * to list all spells.
Casting: Frozen Ramparts (dangerous; 2% risk of failure)
Press: ? - help, Dir - look around, f - activate The walls around you are covered in ice.
You constrict the worker ant.
* * * LOW HITPOINT WARNING * * *
You feel sick.
The wall freezes the worker ant.
You kill the worker ant!
It was a potion of berserk rage.
A red film seems to cover your vision as you go berserk!
You feel yourself moving faster!
You feel mighty!
You feel sick.
You feel a strong urge to attack something.
You feel sick.
You feel your anger nearly subside.
You are no longer berserk.
You are exhausted.
You feel yourself slow down.
* * * LOW HITPOINT WARNING * * *
You feel sick.
* * * LOW HITPOINT WARNING * * *
You feel sick.
* * * LOW HITPOINT WARNING * * *
You feel sick.
The frozen ramparts melt away.
* * * LOW HITPOINT WARNING * * *
You feel sick.
* * * LOW HITPOINT WARNING * * *
You feel sick.
* * * LOW HITPOINT WARNING * * *
You feel sick.
* * * LOW HITPOINT WARNING * * *
You feel sick.
* * * LOW HITPOINT WARNING * * *
You feel sick.
You die...

####≈≈...≈≈#
##. #≈≈≈≈≈≈≈#
##..###≈≈≈≈≈##
#.....#######
##.........##
##...........#
#.............
#......$.#
#.....@#
###...## #####
##..###
####...####..##
..##.#.##...##
...._.....###
...#.#...##
####.....#
####.##


There were no monsters in sight!

Vanquished Creatures
  Sigmund (D:3)
  A howler monkey (D:4)
  2 hounds (D:4)
  An orc priest (D:4)
  A bullfrog skeleton (D:4)
  2 worker ants
  A hound skeleton (D:4)
  A gnoll (D:4)
  8 adders
  A white imp (D:5)
  An ooze (D:1)
  An adder skeleton (D:4)
  7 worms
  6 leopard geckos
  5 orcs
  A giant cockroach (D:2)
  4 goblins
  9 hobgoblins
  4 jackals (D:5)
  6 kobolds
  A quokka (D:4)
  A ball python (D:2)
  6 bats
  2 frilled lizards
  A quokka skeleton (D:4)
  9 rats
83 creatures vanquished.

Vanquished Creatures (collateral kills)
  A sky beast (D:5)
  A centaur (D:5)
2 creatures vanquished.

Grand Total: 85 creatures vanquished

Notes
Turn   | Place    | Note
-------+----------+-------------------------------------------
     0 | D:1      | Egg the Octopode Ice Elementalist began the quest for the
                  | Orb.
     0 | D:1      | Reached XP level 1. HP: 11/11 MP: 3/3
   118 | D:1      | Reached XP level 2. HP: 17/17 MP: 1/5
  1757 | D:2      | Reached XP level 3. HP: 21/21 MP: 4/7
  1761 | D:2      | Learned a level 3 spell: Frozen Ramparts
  2301 | D:2      | Learned a level 3 spell: Ozocubu's Armour
  2920 | D:2      | Reached XP level 4. HP: 21/27 MP: 8/8
  3714 | D:3      | Reached skill level 5 in Ice Magic
  4313 | D:3      | Noticed Sigmund
  4373 | D:3      | Killed Sigmund
  4374 | D:3      | Reached XP level 5. HP: 15/31 MP: 1/11
  4374 | D:3      | Reached XP level 6. HP: 18/36 MP: 1/12
  4628 | D:3      | Found a faded altar of an unknown god.
  4741 | D:3      | Found a shimmering blue altar of Sif Muna.
  4746 | D:3      | Found a white marble altar of Elyvilon.
  4853 | D:4      | Reached skill level 6 in Ice Magic
  4864 | D:4      | Learned a level 4 spell: Summon Ice Beast
  5213 | D:4      | Reached skill level 1 in Summonings
  5354 | D:4      | Found an ancient bone altar of Kikubaaqudgha.
  5366 | D:4      | Found an ornate altar of the Wu Jian Council.
  5570 | D:4      | Reached XP level 7. HP: 41/41 MP: 14/14
  5923 | D:4      | HP: 2/41 [orc priest/+0 morningstar (8)]
  6540 | D:5      | Entered Level 5 of the Dungeon
  6559 | D:5      | Found a snail-covered altar of Cheibriados.
  6590 | D:5      | Reached skill level 5 in Spellcasting
  6999 | D:5      | Found a shimmering blue altar of Sif Muna.
  7633 | D:5      | HP: 2/41 [poisoned by a worker ant]
  7638 | D:5      | HP: 1/41 [poisoned by a worker ant]
  7643 | D:5      | Succumbed to a worker ant's poison

Illustrated notes

Levels and vault maps discovered:
D:1:      minmay_arrival_radiant_lines, layout_basic, palyth_stone_intersect
D:2:      layout_basic
D:3:      layout_loops_cross, minitemple, chequers_ecumenical_altar_grove,
          st_stairs_4, uniq_sigmund
D:4:      layout_layer_cave, amethyst_overflow_temple_binary,
          minmay_quadrilaterals
D:5:      layout_cave_pods, lemuel_crystal_altar, led_sif_pool

Skill      XL: |  1  2  3  4  5  6  7 |
---------------+----------------------+-----
Spellcasting   | 3 4 5 |  5.2
Ice Magic      | 5 6 |  6.7
Summonings     | 1 2 |  2.4
Dodging        | |  2.0
Stealth        | |  2.6

Action                   |  1- 3 |  4- 6 |  7- 9 || total
-------------------------+-------+-------+-------++-------
Melee: Unarmed           |    26 |       |       ||    26
       Tentacles         |    11 |     7 |     2 ||    20
       Short sword       |    34 |    51 |    36 ||   121
       Constrict         |    20 |    14 |     7 ||    41
 Cast: Freeze            |    24 |       |       ||    24
       Frozen Ramparts   |       |     9 |    10 ||    19
       Ozocubu's Armour  |       |     2 |     6 ||     8
       Summon Ice Beast  |       |       |     2 ||     2
  Use: Scroll            |     8 |     2 |       ||    10
       Potion            |       |     4 |     1 ||     5
 Stab: Sleeping          |     6 |     4 |     2 ||    12
       Distracted        |     1 |       |     1 ||     2
Armor: Skin              |     4 |    24 |     9 ||    37
Dodge: Dodged            |    36 |    36 |    26 ||    98

Table legend: (Time is in decaauts)
 A = Elapsed time spent in this place.
 B = Non-inter-level travel time spent in this place.
 C = Inter-level travel time spent in this place.
 D = Time resting spent in this place.
 E = Time spent auto-exploring this place.
 F = Levels seen in this place.
 G = Mean time per level.
                   A        B        C        D        E       F      G
               +--------+--------+--------+--------+--------+-----+--------+
         Total |   7661 |   7530 |    131 |      0 |   6497 |   5 | 1532.2 |
       Dungeon |   7661 |   7530 |    131 |      0 |   6497 |   5 | 1532.2 |
               +--------+--------+--------+--------+--------+-----+--------+

Top non-repeatable levels by time:
     D:2: 2067 daAuts
     D:4: 1708 daAuts
     D:3: 1547 daAuts
     D:1: 1227 daAuts
     D:5: 1111 daAuts
